 Dungeon Crawl Stone Soup version 0.28-a0-1374-ga75cb3825e (webtiles) character file.

Game seed: 17837851148126481739

420 croobank the Poker (level 6, -3/53 HPs)
             Began as a Gnoll Cinder Acolyte on Dec 31, 2021.
             Was a High Priest of Ignis.
             Succumbed to a kobold brigand's poison
             ... on level 4 of the Dungeon.
             The game lasted 00:18:14 (5037 turns).

croobank the Poker (Gnoll Cinder Acolyte)           Turns: 5037, Time: 00:18:15

Health: -3/53      AC:  5    Str: 13    XL:     6   Next: 94%
Magic:  6/11       EV: 10    Int: 15    God:    Ignis [*****.]
Gold:   89         SH:  0    Dex:  8    Spells: 9/12 levels left

rFire   + . .      SeeInvis +   a - -1 spear (flame)
rCold   . . .      Faith    .   (no shield)
rNeg    . . .      Spirit   .   h - +0 ring mail
rPois   .          Reflect  .   (helmet restricted)
rElec   .          Harm     .   (no cloak)
rCorr   .          Rampage  .   (no gloves)
Will    .....                   (no boots)
Stlth   +.........              (no amulet)
HPRegen 0.17/turn               s - ring of see invisible
MPRegen 0.12/turn               (no ring)

@: lethally poisoned (-3 -> -21), attractive, hasted and slowed
A: fangs 1, strong nose, distributed training, antennae 1, talons 1
a: Renounce Religion, Fiery Armour, Foxfire Swarm, Rising Flame


You were on level 4 of the Dungeon.
You worshipped Ignis.
Ignis was extremely pleased with you.
You visited 1 branch of the dungeon, and saw 4 of its levels.

You collected 89 gold pieces.

Inventory:

Hand Weapons
 a - a -1 spear of flaming (weapon)
 b - a +0 hunting sling
Missiles
 i - 69 arrows
 m - 15 poisoned darts (quivered)
 n - 114 stones
 p - 28 sling bullets
Armour
 f - a +0 scale mail
 h - a +0 ring mail (worn)
Magical Staves
 q - a staff of cold
Jewellery
 s - a ring of see invisible (left hand)
Scrolls
 c - a scroll of identify
 g - a scroll of amnesia {unknown}
 j - 3 scrolls of teleportation
 l - a scroll of brand weapon {unknown}
 o - a scroll of silence {unknown}
 w - a scroll of vulnerability {unknown}
Potions
 t - a potion of haste
 u - a potion of resistance {unknown}
 v - a potion of brilliance {unknown}


   Skills:
 + Level 6.9 Fighting
 + Level 2.1 Short Blades
 + Level 2.1 Long Blades
 + Level 2.1 Axes
 + Level 2.1 Maces & Flails
 + Level 6.9 Polearms
 + Level 2.1 Staves
 + Level 2.1 Slings
 + Level 2.1 Bows
 + Level 2.1 Crossbows
 + Level 2.1 Throwing
 + Level 2.1 Armour
 + Level 2.1 Dodging
 + Level 2.1 Stealth
 + Level 2.1 Shields
 + Level 2.1 Unarmed Combat
 + Level 3.5 Spellcasting
 + Level 1.7 Conjurations
 + Level 1.7 Hexes
 + Level 1.7 Summonings
 + Level 1.7 Necromancy
 + Level 1.7 Translocations
 + Level 1.7 Transmutations
 + Level 5.7 Fire Magic
 + Level 1.7 Ice Magic
 + Level 1.7 Air Magic
 + Level 1.7 Earth Magic
 + Level 1.7 Poison Magic
 + Level 2.4 Invocations
 + Level 2.1 Evocations


You had 9 spell levels left.
You knew the following spells:

 Your Spells              Type           Power      Damage    Failure   Level
a - Scorch                Fire           38%        2d6       6%          2
b - Beastly Appendage     Tmut           14%        N/A       21%         1

Your spell library contained the following spells:

 Spells                   Type           Power      Damage    Failure   Level
 Apportation              Tloc           14%        N/A       21%         1
 Summon Small Mammal      Summ           28%        N/A       21%         1
 Blink                    Tloc           14%        N/A       30%         2
 Corpse Rot               Necr/Air       14%        N/A       30%         2
 Poisonous Vapours        Pois/Air       14%        N/A       30%         2
 Wereblood                Tmut           7%         N/A       30%         2
 Call Canine Familiar     Summ           7%         N/A       52%         3
 Spider Form              Tmut/Pois      7%         N/A       52%         3
 Summon Guardian Golem    Hex/Summ       7%         N/A       52%         3
 Malign Gateway           Summ/Tloc      3%         N/A       100%        7
 Disjunction              Tloc           3%         N/A       100%        8


Dungeon Overview and Level Annotations

Branches:
Dungeon (4/15)             Temple (0/1) D:4

Altars:
Qazlal
Uskayaw
Yredelemnul

Shops:
D:1 [


Innate Abilities, Weirdness & Mutations

You have very sharp teeth.
Your uncanny sense of smell can sniff out nearby items.
Your experience applies equally to all skills.
You have a pair of small antennae on your head.
You have sharp toenails.


Message History

You feel extremely sick.
The kobold brigand is no longer more vulnerable to fire.
The kobold brigand completely misses you.
The kobold brigand barely misses you.
The kobold brigand hits you with a +0 dagger of venom.
* * * LOW HITPOINT WARNING * * *
The kobold is attracted toward you. x2
You feel much better.
You feel very sick.
The kobold shouts!
The kobold brigand closely misses you.
The kobold brigand hits you with a +0 dagger of venom.
You are more poisoned.
The kobold brigand hits you with a +1 dagger of venom!
You are more poisoned.
It was a potion of curing.
You feel better.
The kobold brigand hits you with a +0 dagger of venom.
You are poisoned.
The kobold brigand barely misses you.
The kobold brigand hits you but does no damage.
You are more poisoned.
You feel yourself speed up.
You feel very sick.
The kobold brigand hits you with a +0 dagger of venom.
* * * LOW HITPOINT WARNING * * *
You are lethally poisoned!
The kobold hits you but does no damage.
The kobold brigand hits you with a +1 dagger of venom.
* * * LOW HITPOINT WARNING * * *
You are more poisoned.
* * * LOW HITPOINT WARNING * * *
You feel extremely sick. The kobold is attracted toward you.
* * * LOW HITPOINT WARNING * * *
You feel very sick. The kobold is attracted toward you.
As you read the scroll labelled MINEBR XUNNAXT, it crumbles to dust.
It is a scroll of identify.
j - 3 scrolls of teleportation You die...

#.# #..#≈≈## ######.#######..#≈##
............>#..#≈# #.
######.#####≈#..### #.. ##...##
#≈##.§# #.. ####.....# #≈≈#.K##
#.♣ ..###...####≈≈##KK# #.♣ #.#
##.## #≈≈≈≈#KK# #.♣ #.####)#
#≈≈≈≈#@K# ### #.♣ #....#)#
#≈≈≈≈#..#.# ##.###.' ####.#'##
##≈≈##..#.# ##...##.♣ #.......##
#≈≈#..##.# ##.......♣
#.##.....####≈#..##.# ##........♣
#.#.......#####..##.# #.........♣
...........####...#.####........#
...........'...))................
.#.........####.........##......#


You could see 2 kobold brigands and 4 kobolds.

Vanquished Creatures
  2 phantoms (D:4)
  A water moccasin skeleton (D:4)
  A hound (D:3)
  A hound skeleton (D:4)
  2 howler monkey skeletons (D:4)
  5 adders
  4 worms
  2 dart slugs (D:1)
  3 orcs (D:4)
  6 bats
  7 endoplasms
  6 giant cockroaches
  5 goblins
  8 hobgoblins
  6 jackals
  8 kobolds
  5 quokkas
  12 ball pythons
  4 frilled lizards
  7 rats
95 creatures vanquished.

Vanquished Creatures (others)
  4 toadstools (D:1)
4 creatures vanquished.

Grand Total: 99 creatures vanquished

Notes
Turn   | Place    | Note
-------+----------+-------------------------------------------
     0 | D:1      | croobank the Gnoll Cinder Acolyte began the quest for the
                  | Orb.
     0 | D:1      | Reached XP level 1. HP: 23/23 MP: 4/4
   159 | D:1      | Reached XP level 2. HP: 29/29 MP: 5/5
   162 | D:1      | Learned a level 2 spell: Scorch
   186 | D:1      | Upgraded the game from 0.28-a0-1356-g2ad6d04315 to
                  | 0.28-a0-1374-ga75cb3825e
   695 | D:1      | Reached XP level 3. HP: 35/35 MP: 4/7
   784 | D:1      | Found Unokauh's Armour Shop.
  1341 | D:2      | Reached skill level 1 in Invocations
  1422 | D:2      | Reached skill level 1 in Short Blades
  1422 | D:2      | Reached skill level 1 in Long Blades
  1422 | D:2      | Reached skill level 1 in Axes
  1422 | D:2      | Reached skill level 1 in Maces & Flails
  1422 | D:2      | Reached skill level 1 in Staves
  1422 | D:2      | Reached skill level 1 in Slings
  1422 | D:2      | Reached skill level 1 in Bows
  1422 | D:2      | Reached skill level 1 in Crossbows
  1422 | D:2      | Reached skill level 1 in Throwing
  1422 | D:2      | Reached skill level 1 in Armour
  1422 | D:2      | Reached skill level 1 in Dodging
  1422 | D:2      | Reached skill level 1 in Stealth
  1422 | D:2      | Reached skill level 1 in Shields
  1422 | D:2      | Reached skill level 1 in Unarmed Combat
  1422 | D:2      | Reached skill level 1 in Evocations
  1430 | D:2      | Reached XP level 4. HP: 33/41 MP: 0/8
  1805 | D:2      | Learned a level 1 spell: Beastly Appendage
  2304 | D:2      | Reached skill level 1 in Conjurations
  2304 | D:2      | Reached skill level 1 in Hexes
  2304 | D:2      | Reached skill level 1 in Summonings
  2304 | D:2      | Reached skill level 1 in Necromancy
  2304 | D:2      | Reached skill level 1 in Translocations
  2304 | D:2      | Reached skill level 1 in Transmutations
  2304 | D:2      | Reached skill level 1 in Ice Magic
  2304 | D:2      | Reached skill level 1 in Air Magic
  2304 | D:2      | Reached skill level 1 in Earth Magic
  2304 | D:2      | Reached skill level 1 in Poison Magic
  2997 | D:3      | Found a faded altar of an unknown god.
  3016 | D:3      | Reached XP level 5. HP: 47/47 MP: 4/9
  3178 | D:3      | Found a basalt altar of Yredelemnul.
  3940 | D:4      | Found a hide-covered altar of Uskayaw.
  3977 | D:4      | Found a staircase to the Ecumenical Temple.
  4017 | D:4      | Noticed a phantom
  4030 | D:4      | Killed a phantom
  4031 | D:4      | Reached XP level 6. HP: 39/53 MP: 0/11
  4179 | D:4      | Found a stormy altar of Qazlal.
  4737 | D:4      | Got the Grimoire of Translocation
  5030 | D:4      | Gained mutation: You have a pair of small antennae on your
                  | head. [potion of mutation]
  5030 | D:4      | Gained mutation: You have sharp toenails. [potion of
                  | mutation]
  5036 | D:4      | HP: 1/53 [poisoned by a kobold brigand]
  5037 | D:4      | Succumbed to a kobold brigand's poison

Illustrated notes

Levels and vault maps discovered:
D:1:      ldierk_walled_garden_2, layout_loops_corners, serial_shops, shop
D:2:      layout_basic, chequers_serial_rivers_room_a, minmay_fractal_squares_5
D:3:      wad_pebble_path, layout_loops_corners, mainiacjoe_overflow_chevrons,
          dreamdust_ecumenical_altar_angels_and_demons
D:4:      cheibrodos_thug_alley, layout_loops_corners,
          mainiacjoe_overflow_six_doors_small, mainiacjoe_overflow_alcove_1,
          minmay_temple_entry_butterflies

Skill      XL: |  1  2  3  4  5  6 |
---------------+-------------------+-----
Invocations    | 1 2 |  2.4
Short Blades   | 1 2 |  2.1
Long Blades    | 1 2 |  2.1
Axes           | 1 2 |  2.1
Maces & Flails | 1 2 |  2.1
Staves         | 1 2 |  2.1
Slings         | 1 2 |  2.1
Bows           | 1 2 |  2.1
Crossbows      | 1 2 |  2.1
Throwing       | 1 2 |  2.1
Armour         | 1 2 |  2.1
Dodging        | 1 2 |  2.1
Stealth        | 1 2 |  2.1
Shields        | 1 2 |  2.1
Unarmed Combat | 1 2 |  2.1
Evocations     | 1 2 |  2.1
Spellcasting   | 3 |  3.5
Conjurations   | 1 |  1.7
Hexes          | 1 |  1.7
Summonings     | 1 |  1.7
Necromancy     | 1 |  1.7
Translocations | 1 |  1.7
Transmutations | 1 |  1.7
Ice Magic      | 1 |  1.7
Air Magic      | 1 |  1.7
Earth Magic    | 1 |  1.7
Poison Magic   | 1 |  1.7
Fighting       | |  6.9
Polearms       | |  6.9
Fire Magic     | |  5.7

Action                   |  1- 3 |  4- 6 || total
-------------------------+-------+-------++-------
Melee: Spear             |    53 |   125 ||   178
       Bite              |     3 |     9 ||    12
       Kick              |       |     2 ||     2
       Headbutt          |       |     2 ||     2
 Cast: Scorch            |    20 |    66 ||    86
       Beastly Appendage |       |     6 ||     6
  Use: Potion            |       |     7 ||     7
       Scroll            |       |     1 ||     1
Armor: Robe              |     7 |       ||     7
       Ring mail         |    14 |    37 ||    51
Dodge: Dodged            |    30 |    67 ||    97

Table legend: (Time is in decaauts)
 A = Elapsed time spent in this place.
 B = Non-inter-level travel time spent in this place.
 C = Inter-level travel time spent in this place.
 D = Time resting spent in this place.
 E = Time spent auto-exploring this place.
 F = Levels seen in this place.
 G = Mean time per level.
                   A        B        C        D        E       F      G
               +--------+--------+--------+--------+--------+-----+--------+
         Total |   5012 |   4925 |     87 |    599 |   3623 |   4 | 1253.0 |
       Dungeon |   5012 |   4925 |     87 |    599 |   3623 |   4 | 1253.0 |
               +--------+--------+--------+--------+--------+-----+--------+

Top non-repeatable levels by time:
     D:2: 1350 daAuts
     D:1: 1299 daAuts
     D:3: 1218 daAuts
     D:4: 1143 daAuts
